TOP OF THE 1ST |
Philadelphia Phillies batting - Pitching for Cincinnati Reds : LHP Edwin Pacheco
|
Pitching: LHP Edwin Pacheco
|
|
Batting: LHB Eric Katz
|
0-0: Ball 1-0: Called Strike 1-1: Ball 2-1: SINGLE (Flyball, 56D, EV 85.0 MPH)
|
Batting: RHB Tommie Eaton
|
0-0: Called Strike 0-1: Ball 1-1: Foul Ball, location: 2F 1-2: Ball 2-2: Grounds into double play, 1-4-3 (Groundball, 15, EV 64.4 MPH)
|
Batting: RHB Josh Hensley
|
0-0: Ball 1-0: Ball 2-0: Ball 3-0: Called Strike 3-1: SOLO HOME RUN (Flyball, 78XD, EV 101.9 MPH), Distance : 407 ft
|
Batting: SHB Lance Franklin
|
0-0: Ball 1-0: Called Strike 1-1: Fly out, F7 (Flyball, 7D, EV 75.0 MPH)
|
Top of the 1st over - 1 run, 2 hits, 0 errors, 0 left on base; Philadelphia 1 - Cincinnati 0 |
BOTTOM OF THE 1ST |
Cincinnati Reds batting - Pitching for Philadelphia Phillies : RHP Matt Evans
|
Pitching: RHP Matt Evans
|
|
Batting: RHB Joseph Kirchmann
|
0-0: Called Strike 0-1: Ball 1-1: Ball 2-1: Swinging Strike 2-2: Ball 3-2: Base on Balls
|
Batting: SHB Dave Barefoot
|
0-0: Called Strike 0-1: Foul Ball, location: 2F 0-2: Foul Ball, location: 2F 0-2: Ball 1-2: Fly out, F9 (Line Drive, 89M, EV 107.5 MPH)
|
Batting: LHB Chris Grunwald
|
0-0: Ball 1-0: Ball 2-0: Called Strike 2-1: Swinging Strike 2-2: Foul Ball, location: 2F 2-2: Strikes out swinging
|
Batting: SHB Saulo Maina
|
0-0: Ball 1-0: Swinging Strike 1-1: Ball 2-1: SINGLE (Groundball, 5L, EV 97.5 MPH) (infield hit) Joseph Kirchmann to second
|
Batting: RHB Fred Slade
|
0-0: Ball 1-0: Called Strike 1-1: Ball 2-1: DOUBLE (Line Drive, 89D, EV 110.6 MPH) Joseph Kirchmann scores Saulo Maina to third Runner from 3rd tries for Home, SAFE, throw by CF to home
|
Batting: LHB Antonio Figueroa
|
0-0: Ball Wild Pitch! Fred Slade to third 1-0: Ball 2-0: Ball 3-0: Called Strike 3-1: Called Strike 3-2: Ground out 6-3 (Groundball, 6, EV 87.5 MPH)
|
Bottom of the 1st over - 2 runs, 2 hits, 0 errors, 1 left on base; Philadelphia 1 - Cincinnati 2 |
TOP OF THE 2ND |
Philadelphia Phillies batting - Pitching for Cincinnati Reds : LHP Edwin Pacheco
|
Batting: SHB Pete Barutha
|
0-0: Called Strike 0-1: Ball 1-1: Ball 2-1: Ball 3-1: Base on Balls
|
Batting: LHB Ryan Trombley
|
0-0: Called Strike 0-1: Swinging Strike 0-2: Fly out, F3 (Popup, 3S, EV 69.4 MPH)
|
Batting: LHB Nick Canizales
|
0-0: Called Strike 0-1: Swinging Strike 0-2: Ball 1-2: Fly out, F8 (Flyball, 8LD, EV 91.2 MPH)
|
Batting: RHB Mike Blair
|
0-0: Ball 1-0: Called Strike Pete Barutha steals 2nd base 1-1: Ball 2-1: Ball 3-1: Called Strike 3-2: Ground out 5-3 (Groundball, 56S, EV 90.0 MPH)
|
Top of the 2nd over - 0 runs, 0 hits, 0 errors, 1 left on base; Philadelphia 1 - Cincinnati 2 |
BOTTOM OF THE 2ND |
Cincinnati Reds batting - Pitching for Philadelphia Phillies : RHP Matt Evans
|
Batting: RHB Willie Lazcano
|
0-0: Ball 1-0: Ball 2-0: Swinging Strike 2-1: Ground out 5-3 (Groundball, 56S, EV 80.6 MPH)
|
Batting: RHB Omar Quintana
|
0-0: Called Strike 0-1: SOLO HOME RUN (Flyball, 78XD, EV 103.1 MPH), Distance : 404 ft
|
Batting: LHB Jon Ledesma
|
0-0: Foul Ball, location: 2F 0-1: Ball 1-1: Foul Ball, location: 2F 1-2: Foul Ball, location: 2F 1-2: Foul Ball, location: 2F 1-2: Foul Ball, location: 2F 1-2: Ball 2-2: Strikes out swinging
|
Batting: RHB Joseph Kirchmann
|
0-0: Called Strike 0-1: Swinging Strike 0-2: Ball 1-2: Ball 2-2: Foul Ball, location: 2F 2-2: Ball 3-2: Ground out 6-3 (Groundball, 6MS, EV 85.6 MPH)
|
Bottom of the 2nd over - 1 run, 1 hit, 0 errors, 0 left on base; Philadelphia 1 - Cincinnati 3 |
TOP OF THE 3RD |
Philadelphia Phillies batting - Pitching for Cincinnati Reds : LHP Edwin Pacheco
|
Batting: SHB Jean-François Bernard
|
0-0: Ball 1-0: Ball 2-0: Ball 3-0: Base on Balls
|
Batting: LHB Eric Katz
|
0-0: Ball 1-0: Ball 2-0: Fly out, F7 (Flyball, 78M, EV 93.1 MPH)
|
Batting: RHB Tommie Eaton
|
0-0: Called Strike 0-1: Foul Ball, location: 2F 0-2: Fly out, F6 (Popup, 56, EV 51.2 MPH)
|
Batting: RHB Josh Hensley
|
0-0: Ball 1-0: Ball 2-0: Called Strike 2-1: Foul Ball, location: 2F 2-2: Strikes out looking
|
Top of the 3rd over - 0 runs, 0 hits, 0 errors, 1 left on base; Philadelphia 1 - Cincinnati 3 |
BOTTOM OF THE 3RD |
Cincinnati Reds batting - Pitching for Philadelphia Phillies : RHP Matt Evans
|
Batting: SHB Dave Barefoot
|
0-0: Foul Ball, location: 2F 0-1: Called Strike 0-2: Foul Ball, location: 2F 0-2: Fly out, F7 (Flyball, 7D, EV 81.2 MPH)
|
Batting: LHB Chris Grunwald
|
0-0: Foul Ball, location: 2F 0-1: Swinging Strike 0-2: Ball 1-2: Ball 2-2: Strikes out looking
|
Batting: SHB Saulo Maina
|
0-0: Foul Ball, location: 2F 0-1: Fly out, F8 (Flyball, 89D, EV 98.1 MPH)
|
Bottom of the 3rd over - 0 runs, 0 hits, 0 errors, 0 left on base; Philadelphia 1 - Cincinnati 3 |
TOP OF THE 4TH |
Philadelphia Phillies batting - Pitching for Cincinnati Reds : LHP Edwin Pacheco
|
Batting: SHB Lance Franklin
|
0-0: Foul Ball, location: 2F 0-1: Fly out, F3 (Line Drive, 34, EV 61.9 MPH)
|
Batting: SHB Pete Barutha
|
0-0: Swinging Strike 0-1: Swinging Strike 0-2: Ball 1-2: Ball 2-2: Strikes out looking
|
Batting: LHB Ryan Trombley
|
0-0: Ball 1-0: Ground out 2-3 (Groundball, 2R, EV 77.5 MPH)
|
Top of the 4th over - 0 runs, 0 hits, 0 errors, 0 left on base; Philadelphia 1 - Cincinnati 3 |
BOTTOM OF THE 4TH |
Cincinnati Reds batting - Pitching for Philadelphia Phillies : RHP Matt Evans
|
Batting: RHB Fred Slade
|
0-0: Called Strike 0-1: Foul Ball, location: 2F 0-2: Ball 1-2: Hit by Pitch
|
Pinch Runner at 1st Bruno André:
|
|
Batting: LHB Antonio Figueroa
|
0-0: Ball 1-0: Bunt - Flyout to 2R! F2
|
Batting: RHB Willie Lazcano
|
0-0: Called Strike 0-1: Grounds into double play, 4-6-3 (Groundball, 4, EV 90.0 MPH)
|
Bottom of the 4th over - 0 runs, 0 hits, 0 errors, 0 left on base; Philadelphia 1 - Cincinnati 3 |
TOP OF THE 5TH |
Philadelphia Phillies batting - Pitching for Cincinnati Reds : LHP Edwin Pacheco
|
Now in LF: Bruno André
|
|
Batting: LHB Nick Canizales
|
0-0: Ball 1-0: Foul Ball, location: 2F 1-1: Called Strike 1-2: Ball 2-2: Ball 3-2: Strikes out swinging
|
Batting: RHB Mike Blair
|
0-0: Fly out, F8 (Flyball, 8RD, EV 106.9 MPH)
|
Batting: SHB Jean-François Bernard
|
0-0: Fly out, F6 (Line Drive, 56, EV 70.6 MPH)
|
Top of the 5th over - 0 runs, 0 hits, 0 errors, 0 left on base; Philadelphia 1 - Cincinnati 3 |
BOTTOM OF THE 5TH |
Cincinnati Reds batting - Pitching for Philadelphia Phillies : RHP Matt Evans
|
Batting: RHB Omar Quintana
|
0-0: Called Strike 0-1: SINGLE (Flyball, 4MD, EV 93.1 MPH)
|
Batting: LHB Jon Ledesma
|
0-0: Ball 1-0: Foul Ball, location: 2F 1-1: Ball 2-1: Swinging Strike 2-2: SINGLE (Line Drive, 78M, EV 91.2 MPH) Omar Quintana to second
|
Batting: RHB Joseph Kirchmann
|
0-0: Called Strike 0-1: Ball 1-1: Ball 2-1: Called Strike 2-2: SINGLE (Line Drive, 56D, EV 93.8 MPH) Omar Quintana to third Jon Ledesma to second
|
Batting: SHB Dave Barefoot
|
0-0: Called Strike 0-1: Called Strike 0-2: Strikes out swinging
|
Batting: LHB Chris Grunwald
|
0-0: Ball 1-0: Ball 2-0: Called Strike 2-1: Grounds into double play, 4-6-3 (Groundball, 4M, EV 87.5 MPH)
|
Bottom of the 5th over - 0 runs, 3 hits, 0 errors, 2 left on base; Philadelphia 1 - Cincinnati 3 |
TOP OF THE 6TH |
Philadelphia Phillies batting - Pitching for Cincinnati Reds : LHP Edwin Pacheco
|
Batting: LHB Eric Katz
|
0-0: Called Strike 0-1: Ball 1-1: SOLO HOME RUN (Flyball, 7LD, EV 96.9 MPH), Distance : 344 ft
|
Batting: RHB Tommie Eaton
|
0-0: Ball 1-0: Reached on error, E3 (Groundball, 34, EV 80.0 MPH)
|
Batting: RHB Josh Hensley
|
0-0: Ball 1-0: Hit by Pitch Tommie Eaton to second
|
Batting: SHB Lance Franklin
|
0-0: Ball 1-0: Ball 2-0: Foul Ball, location: 2F 2-1: Swinging Strike 2-2: Strikes out swinging
|
Batting: SHB Pete Barutha
|
0-0: Called Strike 0-1: Called Strike 0-2: Ball 1-2: Foul Ball, location: 2F 1-2: Ball 2-2: Fielders Choice at 2nd, 1-6 (Groundball, 34S, EV 69.4 MPH) Tommie Eaton to third
|
Batting: LHB Ryan Trombley
|
0-0: Ball 1-0: Ball 2-0: Foul Ball, location: 2F 2-1: Foul Ball, location: 2F 2-2: DOUBLE (Groundball, 3L, EV 96.9 MPH) Tommie Eaton scores Pete Barutha to third Runner from 3rd tries for Home, SAFE, throw by RF to trailing runner, SAFE at third!
|
Batting: LHB Nick Canizales
|
0-0: Ball 1-0: SINGLE (Line Drive, 7S, EV 105.0 MPH) Ryan Trombley scores
|
Pitching: LHP David James
|
|
Batting: RHB Mike Blair
|
0-0: Called Strike 0-1: Ball 1-1: 2-RUN HOME RUN (Flyball, 9D, EV 98.1 MPH), Distance : 376 ft
|
Batting: SHB Jean-François Bernard
|
0-0: Called Strike 0-1: Ball 1-1: Ball 2-1: Ball 3-1: Base on Balls
|
Batting: LHB Eric Katz
|
0-0: SINGLE (Line Drive, 78S, EV 104.4 MPH) Jean-François Bernard to second
|
Batting: RHB Tommie Eaton
|
0-0: Swinging Strike 0-1: Foul Ball, location: 2F 0-2: Ball 1-2: Ball 2-2: Strikes out swinging
|
Top of the 6th over - 6 runs, 5 hits, 1 error, 2 left on base; Philadelphia 7 - Cincinnati 3 |
BOTTOM OF THE 6TH |
Cincinnati Reds batting - Pitching for Philadelphia Phillies : RHP Matt Evans
|
Batting: SHB Saulo Maina
|
0-0: Called Strike 0-1: Called Strike 0-2: Ball 1-2: Ground out 6-3 (Groundball, 4M, EV 85.6 MPH)
|
Batting: RHB Bruno André
|
0-0: Ball 1-0: Called Strike 1-1: Foul Ball, location: 2F 1-2: Strikes out swinging
|
Batting: LHB Antonio Figueroa
|
0-0: Ball 1-0: Ball 2-0: Ground out U3 (Groundball, 3L, EV 78.8 MPH)
|
Bottom of the 6th over - 0 runs, 0 hits, 0 errors, 0 left on base; Philadelphia 7 - Cincinnati 3 |
TOP OF THE 7TH |
Philadelphia Phillies batting - Pitching for Cincinnati Reds : LHP David James
|
Batting: RHB Josh Hensley
|
0-0: Ball 1-0: Ball 2-0: Called Strike 2-1: Ball 3-1: Base on Balls
|
Batting: SHB Lance Franklin
|
0-0: Called Strike 0-1: Ball 1-1: Ball 2-1: Called Strike 2-2: Strikes out swinging
|
Batting: SHB Pete Barutha
|
0-0: Called Strike 0-1: Foul Ball, location: 2F 0-2: Ball 1-2: Foul Ball, location: 2F 1-2: Ball 2-2: Foul Ball, location: 2F 2-2: Foul Ball, location: 2F 2-2: Fly out, F5 (Popup, 5F, EV 65.6 MPH)
|
Batting: LHB Ryan Trombley
|
0-0: Called Strike 0-1: Ball 1-1: Called Strike 1-2: Ball 2-2: Ball 3-2: Foul Ball, location: 2F 3-2: SINGLE (Groundball, 13S, EV 73.1 MPH) (infield hit) Josh Hensley to second
|
Batting: LHB Nick Canizales
|
0-0: DOUBLE (Line Drive, 9LD, EV 102.5 MPH) Josh Hensley scores Ryan Trombley to third
|
Pitching: RHP Ryan Terlizzi
|
|
Batting: RHB Mike Blair
|
0-0: Ball 1-0: Ball 2-0: Ball 3-0: Called Strike 3-1: Base on Balls
|
Batting: SHB Jean-François Bernard
|
0-0: Called Strike 0-1: Foul Ball, location: 2F 0-2: Strikes out swinging
|
Top of the 7th over - 1 run, 2 hits, 0 errors, 3 left on base; Philadelphia 8 - Cincinnati 3 |
BOTTOM OF THE 7TH |
Cincinnati Reds batting - Pitching for Philadelphia Phillies : RHP Matt Evans
|
Batting: RHB Willie Lazcano
|
0-0: Called Strike 0-1: Ball 1-1: Foul Ball, location: 2F 1-2: Ball 2-2: Foul Ball, location: 2F 2-2: Ground out 4-3 (Groundball, 4, EV 101.9 MPH)
|
Pitching: RHP Lucas McPhillie
|
|
Batting: RHB Omar Quintana
|
0-0: Ball 1-0: Fly out, F8 (Flyball, 8RD, EV 93.1 MPH)
|
Batting: LHB Jon Ledesma
|
0-0: Called Strike 0-1: Ball 1-1: Ball 2-1: Called Strike 2-2: Strikes out swinging
|
Bottom of the 7th over - 0 runs, 0 hits, 0 errors, 0 left on base; Philadelphia 8 - Cincinnati 3 |
TOP OF THE 8TH |
Philadelphia Phillies batting - Pitching for Cincinnati Reds : RHP Ryan Terlizzi
|
Batting: LHB Eric Katz
|
0-0: Called Strike 0-1: Foul Ball, location: 2F 0-2: Ball 1-2: Ball 2-2: Strikes out looking
|
Batting: RHB Tommie Eaton
|
0-0: Ball 1-0: Ball 2-0: Foul Ball, location: 2F 2-1: Ball 3-1: Called Strike 3-2: SINGLE (Groundball, 34D, EV 98.8 MPH)
|
Batting: RHB Josh Hensley
|
0-0: Fly out, F9 (Line Drive, 9, EV 84.4 MPH)
|
Batting: SHB Lance Franklin
|
0-0: Ball 1-0: Ball 2-0: Ball 3-0: Called Strike 3-1: Base on Balls Tommie Eaton to second
|
Batting: SHB Pete Barutha
|
0-0: Called Strike 0-1: Swinging Strike 0-2: Strikes out swinging
|
Top of the 8th over - 0 runs, 1 hit, 0 errors, 2 left on base; Philadelphia 8 - Cincinnati 3 |
BOTTOM OF THE 8TH |
Cincinnati Reds batting - Pitching for Philadelphia Phillies : RHP Lucas McPhillie
|
Batting: RHB Joseph Kirchmann
|
0-0: Ball 1-0: Foul Ball, location: 2F 1-1: Ball 2-1: Swinging Strike 2-2: Foul Ball, location: 2F 2-2: Strikes out looking
|
Batting: SHB Dave Barefoot
|
0-0: Called Strike 0-1: Foul Ball, location: 2F 0-2: Strikes out swinging
|
Batting: LHB Chris Grunwald
|
0-0: Foul Ball, location: 2F 0-1: Foul Ball, location: 2F 0-2: Strikes out swinging
|
Bottom of the 8th over - 0 runs, 0 hits, 0 errors, 0 left on base; Philadelphia 8 - Cincinnati 3 |
TOP OF THE 9TH |
Philadelphia Phillies batting - Pitching for Cincinnati Reds : RHP Ryan Terlizzi
|
Batting: LHB Ryan Trombley
|
0-0: Ball 1-0: Called Strike 1-1: Foul Ball, location: 2F 1-2: Ball 2-2: SINGLE (Groundball, 4M, EV 105.6 MPH) (infield hit)
|
Batting: LHB Nick Canizales
|
0-0: Called Strike 0-1: Foul Ball, location: 2F 0-2: Ball 1-2: Grounds into double play, 4-6-3 (Groundball, 4, EV 94.4 MPH)
|
Batting: RHB Mike Blair
|
0-0: Called Strike 0-1: Ball 1-1: Ball 2-1: Ball 3-1: Base on Balls
|
Batting: SHB Jean-François Bernard
|
0-0: Fly out, F7 (Flyball, 78D, EV 88.1 MPH)
|
Top of the 9th over - 0 runs, 1 hit, 0 errors, 1 left on base; Philadelphia 8 - Cincinnati 3 |
BOTTOM OF THE 9TH |
Cincinnati Reds batting - Pitching for Philadelphia Phillies : RHP Lucas McPhillie
|
Batting: SHB Saulo Maina
|
0-0: Called Strike 0-1: Swinging Strike 0-2: Ball 1-2: Ball 2-2: Ground out 4-3 (Groundball, 34, EV 78.8 MPH)
|
Batting: RHB Bruno André
|
0-0: Ball 1-0: Called Strike 1-1: Foul Ball, location: 2F 1-2: Fly out, F8 (Flyball, 8RM, EV 83.1 MPH)
|
Batting: LHB Antonio Figueroa
|
0-0: Called Strike 0-1: Ball 1-1: Ball 2-1: Ball 3-1: Called Strike 3-2: Strikes out swinging, 2-3 out at first.
|
Bottom of the 9th over - 0 runs, 0 hits, 0 errors, 0 left on base; Philadelphia 8 - Cincinnati 3 |
|